 Dungeon Crawl Stone Soup version 0.28-a0-1429-gf3d713df7a (webtiles) character file.

Game seed: 3856243836804338650

183 croobank the Distorting Demonspawn (level 5, -1/42 HPs)
             Began as a Demonspawn Abyssal Knight on Jan 8, 2022.
             Was a Believer of Lugonu.
             Slain by a bullfrog (2 damage)
             ... in a sewer.
             The game lasted 00:15:27 (3575 turns).

croobank the Distorting Demonspawn (DsAK)           Turns: 3575, Time: 00:15:27

Health: -1/42      AC:  7    Str: 13    XL:     5   Next: 35%
Magic:  7/7        EV: 11    Int: 11    God:    Lugonu [**....]
Gold:   65         SH:  0    Dex: 14    Spells: 4/4 levels left

rFire   + . .      SeeInvis .   a - +1 hand axe
rCold   . . .      Faith    .   (no shield)
rNeg    . . .      Spirit   .   f - +0 ring mail
rPois   .          Reflect  .   (helmet restricted)
rElec   .          Harm     .   m - +0 cloak
rCorr   .          Rampage  .   k - +0 pair of gloves
Will    .....                   (no boots)
Stlth   +.........              (no amulet)
HPRegen 0.14/turn               (no ring)
MPRegen 0.10/turn               (no ring)

@: hasted, slow
A: antennae 1, demonic guardian 1, sturdy frame 1, fire resistance 1, weak 1
a: Renounce Religion, Depart the Abyss, Bend Space


You were in a sewer.
You worshipped Lugonu.
Lugonu was pleased with you.
You visited 1 branch of the dungeon, and saw 3 of its levels.
You visited the Abyss 1 time.
You also visited: Sewer.

You collected 65 gold pieces.

Inventory:

Hand Weapons
 a - a +1 hand axe (weapon)
 b - a +0 hunting sling
Missiles
 c - 112 stones (quivered)
 d - 16 arrows
 j - 58 sling bullets
Armour
 f - a +0 ring mail (worn)
 h - a +0 scale mail
 i - a +0 leather armour
 k - a +0 pair of gloves (worn)
 m - a +0 cloak (worn)
Potions
 l - a potion of attraction {unknown}
 n - a potion of heal wounds {unknown}
 o - a potion of magic


   Skills:
 + Level 3.8 Fighting
 + Level 2.8 Axes
 + Level 2.7 Armour
 + Level 2.1 Dodging
 + Level 3.9 Invocations


You had 4 spell levels left.
You didn't know any spells.
Your spell library contained the following spells:

 Spells                   Type           Power      Damage    Failure   Level
 Dazzling Flash           Conj/Hex       0%         N/A       83%         3
 Iskenderun's Mystic Bla  Conj/Tloc      0%         2d3       99%         4
 Starburst                Conj/Fire      0%         6d3       100%        6


Dungeon Overview and Level Annotations

Branches:
Dungeon (3/15)              Sewer (1/1)

Altars:
Dithmenos

Shops:
D:3 (


Innate Abilities, Weirdness & Mutations

You have a pair of small antennae on your head.
A weak demonic guardian rushes to your aid.
Your movements are slightly less encumbered by armour. (ER -2)
Your flesh is heat resistant. (rF+)
You are weak. (Str -2)


Message History

The bullfrog hits you.
* * * LOW HITPOINT WARNING * * *
The bullfrog barely misses you. The bullfrog hits you.
* * * LOW HITPOINT WARNING * * *
You don't know any spells.
Okay, then.
The bullfrog barely misses you. The bullfrog hits you.
* * * LOW HITPOINT WARNING * * *
The bullfrog hits you but does no damage.
The bullfrog closely misses you. The bullfrog barely misses you.
The bullfrog misses you. The bullfrog hits you.
* * * LOW HITPOINT WARNING * * *
As you read the scroll labelled XAVILU CER NOCRAF, it crumbles to dust.
The scroll dissolves into smoke.
It was a scroll of fog.
The bullfrog barely misses you.
The bullfrog hits you but does no damage.
You enter the shallow water.
Moving in this stuff is going to be slow.
The bullfrog hits you but does no damage.
The bullfrog closely misses you. The bullfrog hits you.
* * * LOW HITPOINT WARNING * * *
It was a potion of haste.
You feel yourself speed up.
The bullfrog hits you but does no damage.
The bullfrog closely misses you.
The bullfrog swells and bulges.
The bullfrog hits you but does no damage. x2
The bullfrog releases a deep croak.
The bullfrog hits you but does no damage.
The bullfrog snags a nearby centipede with its tongue.
The bullfrog barely misses you.
The bullfrog swells and bulges.
The bullfrog barely misses you. The bullfrog hits you.
* * * LOW HITPOINT WARNING * * *
A demonic guardian appears!
It was a potion of mutation.
You feel extremely strange.
You feel weaker.
You feel resistant to heat.
The bullfrog hits you but does no damage.
The bullfrog misses you. The bullfrog hits you.
You die...

########≈≈≈≈≈#
################≈≈≈≈.#
.............≈.§≈≈≈≈.#
≈≈≈≈≈≈≈≈≈≈5≈§§≈§§≈≈≈≈#
≈≈≈≈≈≈≈≈≈≈≈§§§§§≈≈≈≈.#
≈≈≈≈≈≈≈≈≈(≈§§§§§§≈≈≈≈#
≈≈≈≈≈......§§§§§.≈≈≈≈#
≈≈≈≈≈≈≈≈≈#######FF≈≈≈#
≈≈≈≈≈≈≈≈≈≈≈# #@≈≈r.#
≈≈≈≈≈≈≈≈≈≈F# #.5≈≈.#
≈≈≈≈≈≈≈≈≈≈≈≈# #.≈≈≈.#
≈.?.≈≈≈≈≈≈≈# #≈≈≈≈.#
≈$):.≈≈≈≈≈≈# #≈≈≈≈.#
≈=).≈≈≈≈≈≈≈# #≈≈≈≈≈#
≈≈.≈≈≈≈≈≈≈≈# #.≈≈≈.#
#≈≈≈≈.# #≈≈≈≈≈#


You could see 2 bullfrogs, a quokka (ally target) and a friendly ufetubus
(summoned).

Vanquished Creatures
  Jessica (D:2)
  8 adders
  A worm (D:2)
  2 dart slugs
  16 ball pythons
  4 bats
  6 endoplasms
  13 giant cockroaches
  2 goblins
  A hobgoblin (D:1)
  2 jackals (D:2)
  3 kobolds
  8 quokkas
  6 frilled lizards
  5 rats
78 creatures vanquished.

Notes
Turn   | Place    | Note
-------+----------+-------------------------------------------
     0 | Abyss:1  | croobank the Demonspawn Abyssal Knight began the quest for
                  | the Orb.
     0 | Abyss:1  | Reached XP level 1. HP: 18/18 MP: 2/2
     2 | Abyss:1  | Found a corrupted altar of Lugonu.
     4 | Abyss:1  | Found a corrupted altar of Lugonu.
    16 | D:1      | Escaped the Abyss
   117 | D:1      | Reached skill level 1 in Dodging
   336 | D:1      | Gained mutation: Your movements are slightly less
                  | encumbered by armour. (ER -2) [demonic ancestry]
   336 | D:1      | Reached XP level 2. HP: 24/24 MP: 4/4
  1097 | D:1      | Found a faded altar of an unknown god.
  1227 | D:2      | Found a shadowy altar of Dithmenos.
  1232 | D:2      | Reached XP level 3. HP: 16/29 MP: 5/5
  1642 | D:2      | Reached ** piety under Lugonu
  1841 | D:2      | Gained mutation: A weak demonic guardian rushes to your
                  | aid. [demonic ancestry]
  1841 | D:2      | Reached XP level 4. HP: 16/35 MP: 6/6
  2336 | D:2      | Noticed Jessica
  2352 | D:2      | Killed Jessica
  2832 | D:3      | Gained mutation: You have a pair of small antennae on your
                  | head. [demonic ancestry]
  2832 | D:3      | Reached XP level 5. HP: 42/42 MP: 7/7
  2846 | D:3      | Found a glowing drain.
  2849 | D:3      | Found Mune's Antique Weapon Shoppe.
  2869 | Sewer    | Entered a sewer
  3574 | Sewer    | HP: 1/42 [bullfrog (4)]
  3575 | Sewer    | Gained mutation: You are weak. (Str -2) [potion of
                  | mutation]
  3575 | Sewer    | Gained mutation: Your flesh is heat resistant. (rF+)
                  | [potion of mutation]
  3575 | Sewer    | Slain by a bullfrog

Illustrated notes

Levels and vault maps discovered:
D:1:      minmay_arrival_shattered_statue, layout_loops_cross,
          shapermc_ecumenical_altar_mp_vishouse, minmay_tetromino_l2
D:2:      layout_basic, basic_altar, uniq_jessica
D:3:      minmay_chambers_of_twos, layout_basic, serial_shops,
          nicolae_shop_stone, gup_sewer_entry_glass, minmay_ogre_servants
Sewer:    sewer_frog_island_01

Skill      XL: |  1  2  3  4 |
---------------+-------------+-----
Dodging        | 1 2 |  2.1
Axes           | 2 |  2.8
Armour         | 2 |  2.7
Invocations    | 3 |  3.9
Fighting       | |  3.8

Action                   |  1- 3 |  4- 6 || total
-------------------------+-------+-------++-------
Melee: Hand axe          |   106 |   150 ||   256
       Punch             |     1 |       ||     1
 Fire: Hunting sling     |    11 |    14 ||    25
Throw: Stone             |    15 |       ||    15
  Use: Potion            |       |     4 ||     4
       Scroll            |       |     1 ||     1
 Stab: Sleeping          |       |     1 ||     1
Armor: Leather armour    |     8 |       ||     8
       Ring mail         |    37 |    83 ||   120
Dodge: Dodged            |    63 |   128 ||   191

Table legend: (Time is in decaauts)
 A = Elapsed time spent in this place.
 B = Non-inter-level travel time spent in this place.
 C = Inter-level travel time spent in this place.
 D = Time resting spent in this place.
 E = Time spent auto-exploring this place.
 F = Levels seen in this place.
 G = Mean time per level.
                   A        B        C        D        E       F      G
               +--------+--------+--------+--------+--------+-----+--------+
         Total |   3672 |   3639 |     33 |   1313 |   1295 |   5 |  734.4 |
       Dungeon |   2886 |   2853 |     33 |    946 |   1200 |   3 |  962.0 |
         Abyss |     16 |     16 |      0 |      0 |      6 |   1 |   16.0 |
         Sewer |    770 |    770 |      0 |    367 |     89 |   1 |  770.0 |
               +--------+--------+--------+--------+--------+-----+--------+

Top non-repeatable levels by time:
     D:2: 1580 daAuts
     D:1: 1221 daAuts
   Sewer: 770 daAuts
     D:3: 83 daAuts
 Abyss:1: 16 daAuts
